 Dungeon Crawl Stone Soup version 0.22-a0-185-ge330310 (webtiles) character file.

765 Amnesiac the Magician (level 7, -2/46 HPs)
             Began as a Mummy Earth Elementalist on Feb 15, 2018.
             Slain by an ogre
             ... wielding a cursed -3 giant spiked club
              (20 damage)
             ... on level 4 of the Dungeon.
             The game lasted 00:04:05 (2808 turns).

Amnesiac the Magician (Mummy Earth Elementalist)    Turns: 2808, Time: 00:04:06

Health: -2/46      AC:  3    Str: 11    XL:     7   Next: 52%
Magic:  13/16      EV: 12    Int: 17    God:
Gold:   3          SH:  0    Dex: 12    Spells: 6/18 levels left

rFire    x . .     SeeInvis .   j - +0 dagger
rCold    + . .     Gourm    .   (no shield)
rNeg     + + +     Faith    .   c - +0 robe
rPois    ∞         Spirit   .   (no helmet)
rElec    .         Reflect  .   (no cloak)
rCorr    .         Harm     .   (no gloves)
MR       .....                  l - +0 pair of boots
Stlth    ++........             (no amulet)
HPRegen  0.15/turn              (no ring)
MPRegen  0.15/turn              (no ring)

@: no status effects
A: no food or potions, fire vulnerability, cold resistance 1, negative energy
resistance 3, torment resistance, unbreathing
a: no special abilities


You were on level 4 of the Dungeon.
You were not hungry.

You visited 1 branch of the dungeon, and saw 5 of its levels.

You collected 49 gold pieces.
You spent 46 gold pieces at shops.

Inventory:

Hand Weapons
 j - a +0 dagger (weapon)
 n - a +2 halberd of pain
 o - a +2 whip of electrocution
Missiles
 b - 82 stones (quivered)
Armour
 c - a +0 robe (worn)
 l - a +0 pair of boots (worn)
Jewellery
 g - an uncursed ring of wizardry {unknown}
Scrolls
 a - a scroll of remove curse {!r, unknown}
 e - 4 scrolls of identify {!r, unknown}
 f - a scroll of fog {!r, unknown}
 h - 3 scrolls of enchant armour {!r, unknown}
 i - a scroll of magic mapping {!r, unknown}
 k - 4 scrolls of teleportation {!r, unknown}
 m - a scroll of amnesia {!r, unknown}
Books
 d - a book of Geomancy

   Spells                             Type                      Level
   a - Sandblast                      Earth                        1
   b - Passwall                       Transmutation/Earth          2
   c - Stone Arrow                    Conjuration/Earth            3
   d - Petrify                        Transmutation/Earth          4
   e - Lee's Rapid Deconstruction     Earth                        5


   Skills:
 + Level 1.6 Short Blades
 - Level 1.5 Dodging
 - Level 2.0 Stealth
 + Level 6.0 Spellcasting
 - Level 1.0 Transmutations
 * Level 5.9 Earth Magic


You had 6 spell levels left.
You knew the following spells:

 Your Spells              Type           Power        Failure   Level  Hunger
a - Sandblast             Erth           ####..       1%          1    N/A
b - Passwall              Tmut/Erth      ###.......   4%          2    N/A
d - Lee's Rapid Deconstr  Erth           ####......   30%         5    N/A
e - Petrify               Tmut/Erth      ###.....     30%         4    N/A

Dungeon Overview and Level Annotations

Branches:
Dungeon (5/15)
 Temple: D:4-7

Altars:
Okawaru

Shops:
D:4 [:*

Annotations:
D:2 Robin
D:4 Gorice's ghost, amateur GnWn


Innate Abilities, Weirdness & Mutations

You do not eat or drink.
Your flesh is vulnerable to fire.
You are immune to poison.
Your flesh is cold resistant. (rC+)
You are immune to negative energy. (rN+++)
You are immune to unholy pain and torment.
You can survive without breathing.


Message History

There is an entrance to Tuofuvam's Assorted Antiques here.
Unknown command.
h - 2 scrolls labeled CON VONYWI {!r} (gained 1)
f - a scroll labeled JIEKKE KOODWIO {!r} Thank you for shopping at Tuofuvam's Assorted Antiques!
There is an entrance to Tuofuvam's Assorted Antiques here.
There is an open door here.
There is an open door here.
Found a ring mail.
You see here a ring mail.
Found a stone staircase leading up.
Found a stone staircase leading up.
There is an entrance to Tuofuvam's Assorted Antiques here.
There is an open door here.
There is an open door here.
Things that are here:
a +0 mace; a spear; a gnoll skeleton
Things that are here:
a gnoll skeleton x2
Items here: ) [ ÷÷÷ a whip; a leather armour; a gnoll skeleton x3
Items here: ) [ ÷÷÷ a whip; a leather armour; a gnoll skeleton x3
Things that are here:
a gnoll skeleton x2
Things that are here:
a +0 mace; a spear; a gnoll skeleton
h - 3 scrolls labeled CON VONYWI {!r} (gained 1) Key pressed, stopping explore.
Gorice's ghost turns its malevolent gaze towards you.
Gorice's ghost is too close now for your liking.
Gorice's ghost is nearby!
An ogre comes into view. It is wielding a giant spiked club.
The ogre shouts!
Gorice's ghost hits you!
Casting: Sandblast (safe; 1% risk of failure)
Confirm with . or Enter, or press ? or * to list all spells.
Aiming: Sandblast (safe; 1% risk of failure)
Press: ? - help, Shift-Dir - straight line, f - Gorice's ghost
Aim: Gorice's ghost The blast of sand hits Gorice's ghost.
Gorice's ghost is lightly damaged.
b - 84 stones Gorice's ghost completely misses you.
The ogre closely misses you.
Unknown command.
Casting: Sandblast (safe; 1% risk of failure)
Confirm with . or Enter, or press ? or * to list all spells.
Aiming: Sandblast (safe; 1% risk of failure)
Press: ? - help, Shift-Dir - straight line, f - ogre, p - Gorice's ghost
Aim: an ogre, wielding a giant spiked club The blast of sand hits the ogre.
The ogre is lightly wounded.
b - 83 stones Gorice's ghost hits you!
* * * LOW HITPOINT WARNING * * *
Casting: Sandblast (safe; 1% risk of failure)
Confirm with . or Enter, or press ? or * to list all spells.
Aiming: Sandblast (safe; 1% risk of failure)
Press: ? - help, Shift-Dir - straight line, f/p - ogre
Aim: an ogre, wielding a giant spiked club (lightly wounded)
The blast of sand misses the ogre.
b - 82 stones The ogre hits you with a giant spiked club!!
You die...

# #....... ### .#
#....... ..##.## ##......
#.#...## ####.## #......
##### #.# #.#...
##...####.# #.##.#
#.........#
#O##.###...>.#####
#.@W.......#.#
####.###.###.#
#.###.....# #........##
#.######.#### ########.#
#....# #........#
####.##.# #.######.#
#.......#
######.######.###.##.#..#


You could see an ogre and Gorice's ghost.

Vanquished Creatures
  A hippogriff (D:4)
  A hungry ghost (D:4)
  2 ogres (D:4)
  A scorpion (D:4)
  A hound (D:4)
  An orc priest (D:4)
  A gnoll shaman (D:4)
  An iguana (D:4)
  A worker ant (D:4)
  5 gnolls (D:4)
  3 adders
  An ooze (D:5)
  3 dart slugs (D:1)
  4 orcs
  A giant cockroach (D:1)
  A goblin (D:1)
  5 hobgoblins (D:1)
  2 jackals (D:4)
  2 kobolds (D:1)
  A quokka (D:5)
  3 bats
  2 frilled lizards (D:1)
  4 rats (D:1)
47 creatures vanquished.

Notes
Turn   | Place    | Note
-------+----------+-------------------------------------------
     0 | D:1      | Amnesiac the Mummy Earth Elementalist began the quest for the Orb.
     0 | D:1      | Reached XP level 1. HP: 13/13 MP: 4/4
   112 | D:1      | Reached skill level 3 in Spellcasting
   112 | D:1      | Reached XP level 2. HP: 3/19 MP: 0/6
   633 | D:1      | Found an iron altar of Okawaru.
   822 | D:2      | Noticed Robin
   829 | D:2      | You fall through a shaft for 2 floors!
   830 | D:4      | Found Okif's Book Boutique.
   839 | D:5      | Entered Level 5 of the Dungeon
   988 | D:5      | Reached XP level 3. HP: 21/24 MP: 7/7
   992 | D:5      | Learned a level 2 spell: Passwall
  1124 | D:4      | Reached XP level 4. HP: 4/30 MP: 0/9
  1375 | D:4      | Reached skill level 4 in Spellcasting
  1522 | D:4      | Found Motyu's Antique Armour Shop.
  1555 | D:4      | Reached XP level 5. HP: 29/35 MP: 7/11
  1575 | D:4      | Learned a level 4 spell: Petrify
  1581 | D:4      | Learned a level 5 spell: Lee's Rapid Deconstruction
  1727 | D:4      | Noticed an ogre
  1736 | D:4      | Killed an ogre
  1736 | D:4      | Reached XP level 6. HP: 41/41 MP: 7/13
  1854 | D:4      | Noticed Gorice's ghost (amateur GnWn)
  1855 | D:4      | Noticed a hungry ghost
  2057 | D:4      | Killed a hungry ghost
  2057 | D:4      | Reached skill level 5 in Spellcasting
  2057 | D:4      | Reached skill level 5 in Earth Magic
  2145 | D:4      | Reached XP level 7. HP: 46/46 MP: 8/15
  2146 | D:4      | Noticed a hippogriff
  2226 | D:4      | Killed a hippogriff
  2226 | D:4      | Reached skill level 1 in Short Blades
  2482 | D:4      | Reached skill level 1 in Transmutations
  2485 | D:4      | Reached skill level 6 in Spellcasting
  2605 | D:4      | Found Tuofuvam's Assorted Antiques.
  2609 | D:4      | Bought a scroll labeled CON VONYWI for 23 gold pieces
  2609 | D:4      | Bought a scroll labeled JIEKKE KOODWIO for 23 gold pieces
  2808 | D:4      | Slain by an ogre

Vault maps used:
D:1:      lemuel_arrival_hallway, okawaru_ov_weapons_minmay
D:2:      uniq_crazy_yiuf_cottage, uniq_robin
D:3:      nicolae_gozag_seed_capital
D:4:      serial_shops, shop, kennysheep_little_box, shop, first_ration,
          uniq_duvessa

Skill      XL: |  1  2  3  4  5  6  7 |
---------------+----------------------+-----
Spellcasting   | 3 4 5 6 |  6.0
Earth Magic    | 3 4 5 |  5.9
Stealth        | 2 |  2.0
Short Blades   | 1 |  1.6
Transmutations | 1 |  1.0
Dodging        | |  1.5

Action                   |  1- 3 |  4- 6 |  7- 9 || total
-------------------------+-------+-------+-------++-------
Melee: Unarmed           |     2 |       |       ||     2
       Dagger            |     7 |       |       ||     7
       Mace              |     5 |       |       ||     5
Throw: Stone             |       |     1 |       ||     1
 Cast: Sandblast         |    41 |    46 |    28 ||   115
       Passwall          |     1 |     1 |       ||     2
       Petrify           |       |     1 |       ||     1
       Lee's Rapid Decon |       |       |     1 ||     1
 Stab: Sleeping          |     3 |       |       ||     3
Armor: Robe              |     5 |     3 |     2 ||    10
Dodge: Dodged            |    15 |    17 |     9 ||    41

Table legend:
 A = Spawn XP
 B = Non-spawn XP
 C = Spawn XP percentage of total XP
 D = Spawn monster count
 E = Non-spawn monster count
 F = Spawn count percentage of total count
 G = Total turns spent on level
                    A         B        C        D         E        F      G
               +---------+---------+-------+---------+---------+-------+---------
         Total |       0 |    1094 |   0.0 |       0 |      47 |   0.0 |  2808
               +---------+---------+-------+---------+---------+-------+---------
           D:1 |       0 |      37 |   0.0 |       0 |      20 |   0.0 |   797
           D:3 |       0 |      27 |   0.0 |       0 |       3 |   0.0 |    14
           D:4 |       0 |    1019 |   0.0 |       0 |      21 |   0.0 |  1759
           D:5 |       0 |      11 |   0.0 |       0 |       3 |   0.0 |   206
               +---------+---------+-------+---------+---------+-------+---------
